| TOP OF THE 1ST |
|
Detroit (APP) Tigers batting - Pitching for Texas (APP) Rangers : RHP Reinaart Meyer
|
|
Pitching: RHP Reinaart Meyer
|
|
|
Batting: RHB Cody Kafer
|
0-0: Ball 1-0: Called Strike 1-1: Ball 2-1: Foul Ball, location: 2F 2-2: Ball 3-2: Strikes out swinging
|
|
Batting: RHB John Barton
|
0-0: Ball 1-0: Ball 2-0: Swinging Strike 2-1: Ball 3-1: Foul Ball, location: 2F 3-2: SINGLE (Line Drive, 4M, EV 96.2 MPH)
|
|
Batting: RHB George Sonier
|
0-0: Ball 1-0: Called Strike 1-1: Ball 2-1: Swinging Strike 2-2: Strikes out looking
|
|
Batting: RHB Tony Murray
|
0-0: Foul Ball, location: 2F 0-1: Called Strike 0-2: Foul Ball, location: 2F 0-2: Strikes out swinging
|
| Top of the 1st over - 0 runs, 1 hit, 0 errors, 1 left on base; Detroit (APP) 0 - Texas (APP) 0 |
| BOTTOM OF THE 1ST |
|
Texas (APP) Rangers batting - Pitching for Detroit (APP) Tigers : RHP Felipe Guevara
|
|
Pitching: RHP Felipe Guevara
|
|
|
Batting: SHB Tim Rogers
|
0-0: Ball 1-0: Ball 2-0: Called Strike 2-1: Ground out 4-3 (Groundball, 34D, EV 102.5 MPH)
|
|
Batting: RHB Robert Topete
|
0-0: Fly out, F7 (Flyball, 7, EV 93.1 MPH)
|
|
Batting: RHB Jerry Foster
|
0-0: Reached on error, E6 (Groundball, 6, EV 104.4 MPH)
|
|
Batting: LHB Alex Rivera
|
0-0: Ball 1-0: Ball 2-0: Ball 3-0: Called Strike 3-1: Called Strike 3-2: Base on Balls
|
|
Batting: RHB Ryan Salas
|
0-0: Swinging Strike 0-1: Foul Ball, location: 2F 0-2: Strikes out swinging
|
| Bottom of the 1st over - 0 runs, 0 hits, 1 error, 2 left on base; Detroit (APP) 0 - Texas (APP) 0 |
| TOP OF THE 2ND |
|
Detroit (APP) Tigers batting - Pitching for Texas (APP) Rangers : RHP Reinaart Meyer
|
|
Batting: RHB Yasutaka Yamasaki
|
0-0: Ball 1-0: Foul Ball, location: 2F 1-1: SINGLE (Groundball, 5S, EV 76.2 MPH) (infield hit)
|
|
Batting: LHB Simon Barry
|
0-0: SINGLE (Groundball, 6MD, EV 96.2 MPH) Yasutaka Yamasaki to second Runner from 2nd tries for 3rd, SAFE, throw by CF made to third
|
|
Batting: SHB Salvador Lacosta
|
0-0: Ball 1-0: Ball 2-0: DOUBLE (Line Drive, 89M, EV 94.4 MPH) Yasutaka Yamasaki scores Simon Barry to third
|
|
Batting: RHB Peter Jones
|
0-0: Ball 1-0: Ground out 5-3 (Groundball, 5, EV 77.5 MPH)
|
|
Batting: RHB Victor Acuna
|
0-0: Hit by Pitch
|
|
Batting: RHB Cody Kafer
|
0-0: Called Strike 0-1: Called Strike 0-2: Ball 1-2: Foul Ball, location: 2F 1-2: Foul Ball, location: 2F 1-2: SINGLE (Flyball, 3D, EV 90.0 MPH) Simon Barry scores Salvador Lacosta to third Victor Acuna to second
|
|
Batting: RHB John Barton
|
0-0: Reached on error, E4 (Groundball, 4S, EV 70.0 MPH) Salvador Lacosta scores Victor Acuna to third Cody Kafer to second
|
|
Batting: RHB George Sonier
|
0-0: Foul Ball, location: 2F 0-1: Swinging Strike 0-2: Strikes out swinging
|
|
Batting: RHB Tony Murray
|
0-0: Called Strike 0-1: Ball 1-1: Foul Ball, location: 2F 1-2: Ball 2-2: Foul Ball, location: 2F 2-2: Fly out, F9 (Flyball, 9D, EV 101.9 MPH)
|
| Top of the 2nd over - 3 runs, 4 hits, 1 error, 3 left on base; Detroit (APP) 3 - Texas (APP) 0 |
| BOTTOM OF THE 2ND |
|
Texas (APP) Rangers batting - Pitching for Detroit (APP) Tigers : RHP Felipe Guevara
|
|
Batting: RHB Josh Shoemaker
|
0-0: Ball 1-0: Foul Ball, location: 2F 1-1: Foul Ball, location: 2F 1-2: Ball 2-2: Foul Ball, location: 2F 2-2: Ground out 6-3 (Groundball, 6, EV 88.1 MPH)
|
|
Batting: RHB Evan Fry
|
0-0: Ball 1-0: Ground out 6-3 (Groundball, 56, EV 81.2 MPH)
|
|
Batting: RHB Torsten Fisher
|
0-0: Ball 1-0: Ball 2-0: Reached on error, E6 (Groundball, 6, EV 80.0 MPH)
|
|
Batting: RHB Pat Martin
|
0-0: Called Strike 0-1: Foul Ball, location: 2F 0-2: Foul Ball, location: 2F 0-2: Strikes out swinging
|
| Bottom of the 2nd over - 0 runs, 0 hits, 1 error, 1 left on base; Detroit (APP) 3 - Texas (APP) 0 |
| TOP OF THE 3RD |
|
Detroit (APP) Tigers batting - Pitching for Texas (APP) Rangers : RHP Reinaart Meyer
|
|
Batting: RHB Yasutaka Yamasaki
|
0-0: Ball 1-0: Swinging Strike 1-1: Ball 2-1: Swinging Strike 2-2: Ball 3-2: Strikes out swinging
|
|
Batting: LHB Simon Barry
|
0-0: Reached on error, E7 (Flyball, 7D, EV 84.4 MPH)
|
|
Batting: SHB Salvador Lacosta
|
0-0: Ball 1-0: Ball 2-0: Called Strike 2-1: Called Strike 2-2: Foul Ball, location: 2F 2-2: Strikes out swinging
|
|
Batting: RHB Peter Jones
|
0-0: Called Strike 0-1: Ball 1-1: Foul Ball, location: 2F 1-2: Strikes out swinging
|
| Top of the 3rd over - 0 runs, 0 hits, 1 error, 1 left on base; Detroit (APP) 3 - Texas (APP) 0 |
| BOTTOM OF THE 3RD |
|
Texas (APP) Rangers batting - Pitching for Detroit (APP) Tigers : RHP Felipe Guevara
|
|
Batting: SHB Tim Rogers
|
0-0: Ball 1-0: Ball 2-0: Called Strike 2-1: Foul Ball, location: 2F 2-2: SINGLE (Groundball, 4M, EV 103.1 MPH) (infield hit)
|
|
Batting: RHB Robert Topete
|
0-0: Ball 1-0: Called Strike 1-1: Called Strike Tim Rogers is caught stealing 2nd base 2-4 1-2: Ball 2-2: Fly out, F8 (Flyball, 8RXD, EV 99.4 MPH)
|
|
Batting: RHB Jerry Foster
|
0-0: Called Strike 0-1: TRIPLE (Flyball, 89XD, EV 99.4 MPH)
|
|
Batting: LHB Alex Rivera
|
0-0: Ball 1-0: Called Strike 1-1: Ball 2-1: Swinging Strike 2-2: Ball 3-2: SINGLE (Groundball, 56, EV 98.8 MPH) Jerry Foster scores
|
|
Batting: RHB Ryan Salas
|
0-0: Called Strike 0-1: Ball Wild Pitch! Alex Rivera to second 1-1: Ball 2-1: Ball 3-1: SINGLE (Line Drive, 78S, EV 93.8 MPH) Alex Rivera to third Runner from 3rd tries for Home, SAFE, throw by CF to home
|
|
Batting: RHB Josh Shoemaker
|
0-0: Foul Ball, location: 2F 0-1: Ball 1-1: Ball 2-1: Ball 3-1: Called Strike 3-2: Strikes out swinging
|
| Bottom of the 3rd over - 2 runs, 4 hits, 0 errors, 1 left on base; Detroit (APP) 3 - Texas (APP) 2 |
| TOP OF THE 4TH |
|
Detroit (APP) Tigers batting - Pitching for Texas (APP) Rangers : RHP Reinaart Meyer
|
|
Batting: RHB Victor Acuna
|
0-0: Ball 1-0: Foul Ball, location: 2F 1-1: Ball 2-1: Foul Ball, location: 2F 2-2: Foul Ball, location: 2F 2-2: Ball 3-2: Strikes out swinging
|
|
Batting: RHB Cody Kafer
|
0-0: Called Strike 0-1: Foul Ball, location: 2F 0-2: Ball 1-2: Strikes out swinging
|
|
Batting: RHB John Barton
|
0-0: Called Strike 0-1: Ball 1-1: SINGLE (Groundball, 5S, EV 65.0 MPH) (infield hit)
|
|
Batting: RHB George Sonier
|
0-0: Called Strike 0-1: Called Strike 0-2: Ball 1-2: Strikes out looking
|
| Top of the 4th over - 0 runs, 1 hit, 0 errors, 1 left on base; Detroit (APP) 3 - Texas (APP) 2 |
| BOTTOM OF THE 4TH |
|
Texas (APP) Rangers batting - Pitching for Detroit (APP) Tigers : RHP Felipe Guevara
|
|
Batting: RHB Evan Fry
|
0-0: Swinging Strike 0-1: Swinging Strike 0-2: Ball 1-2: Ball 2-2: Foul Ball, location: 2F 2-2: Ground out 4-3 (Groundball, 4, EV 83.1 MPH)
|
|
Batting: RHB Torsten Fisher
|
0-0: Ground out 5-3 (Groundball, 56S, EV 88.8 MPH)
|
|
Batting: RHB Pat Martin
|
0-0: Ball 1-0: Ball 2-0: Fly out, F7 (Flyball, 7, EV 80.6 MPH)
|
| Bottom of the 4th over - 0 runs, 0 hits, 0 errors, 0 left on base; Detroit (APP) 3 - Texas (APP) 2 |
| TOP OF THE 5TH |
|
Detroit (APP) Tigers batting - Pitching for Texas (APP) Rangers : RHP Reinaart Meyer
|
|
Pitching: RHP Marty Nelson
|
|
|
Batting: RHB Tony Murray
|
0-0: Ball 1-0: Ground out 4-3 (Groundball, 4, EV 105.6 MPH)
|
|
Batting: RHB Yasutaka Yamasaki
|
0-0: Foul Ball, location: 2F 0-1: Ball 1-1: Ball 2-1: Ground out 6-3 (Groundball, 6, EV 87.5 MPH)
|
|
Batting: LHB Simon Barry
|
0-0: Called Strike 0-1: Swinging Strike 0-2: Ball 1-2: Strikes out swinging
|
| Top of the 5th over - 0 runs, 0 hits, 0 errors, 0 left on base; Detroit (APP) 3 - Texas (APP) 2 |
| BOTTOM OF THE 5TH |
|
Texas (APP) Rangers batting - Pitching for Detroit (APP) Tigers : RHP Felipe Guevara
|
|
Batting: SHB Tim Rogers
|
0-0: Swinging Strike 0-1: Ball 1-1: Ball 2-1: Ball 3-1: Base on Balls
|
|
Batting: RHB Robert Topete
|
0-0: Called Strike 0-1: Foul Ball, location: 2F 0-2: Ground out 5-3 (Groundball, 56S, EV 71.9 MPH) Tim Rogers to second
|
|
Batting: RHB Jerry Foster
|
0-0: Ball 1-0: Ball 2-0: Ball 3-0: Base on Balls
|
|
Pitching: RHP Nick Brooks
|
|
|
Batting: LHB Alex Rivera
|
0-0: Ball 1-0: Called Strike 1-1: Called Strike 1-2: Fly out, F9 (Flyball, 9LM, EV 101.2 MPH)
|
|
Batting: RHB Ryan Salas
|
0-0: Called Strike 0-1: SINGLE (Groundball, 56D, EV 104.4 MPH) Tim Rogers to third Jerry Foster to second Throwing error, E7 Tim Rogers scores Jerry Foster to third Ryan Salas to second
|
|
Batting: RHB Josh Shoemaker
|
0-0: Ball 1-0: Foul Ball, location: 2F 1-1: SINGLE (Groundball, 56D, EV 93.8 MPH) Jerry Foster scores Ryan Salas to third Runner from 3rd tries for Home, throw by LF and OUT! 7-2
|
| Bottom of the 5th over - 2 runs, 2 hits, 1 error, 1 left on base; Detroit (APP) 3 - Texas (APP) 4 |
| TOP OF THE 6TH |
|
Detroit (APP) Tigers batting - Pitching for Texas (APP) Rangers : RHP Marty Nelson
|
|
Batting: SHB Salvador Lacosta
|
0-0: Called Strike 0-1: Ball 1-1: Ball 2-1: Swinging Strike 2-2: Ball 3-2: Ground out 6-3 (Groundball, 6, EV 94.4 MPH)
|
|
Batting: RHB Peter Jones
|
0-0: Foul Ball, location: 2F 0-1: Ball 1-1: Ball 2-1: Ball 3-1: Base on Balls
|
|
Batting: RHB Victor Acuna
|
0-0: Swinging Strike 0-1: Called Strike 0-2: Ball 1-2: Hit by Pitch Peter Jones to second
|
|
Batting: RHB Cody Kafer
|
0-0: Ball Wild Pitch! Peter Jones to third Victor Acuna to second 1-0: Ball 2-0: Fly out, F7 (Line Drive, 7LM, EV 94.4 MPH) Runner from 3rd tags up, SCORES, no throw by LF
|
|
Batting: RHB John Barton
|
0-0: Ball 1-0: Foul Ball, location: 2F 1-1: Foul Ball, location: 2F 1-2: Ground out 6-3 (Groundball, 6S, EV 70.0 MPH)
|
| Top of the 6th over - 1 run, 0 hits, 0 errors, 1 left on base; Detroit (APP) 4 - Texas (APP) 4 |
| BOTTOM OF THE 6TH |
|
Texas (APP) Rangers batting - Pitching for Detroit (APP) Tigers : RHP Nick Brooks
|
|
Batting: RHB Evan Fry
|
0-0: Ball 1-0: Ground out 4-3 (Groundball, 4S, EV 86.2 MPH)
|
|
Pinch Hitting: LHB Bobby Scott
|
0-0: Called Strike 0-1: Called Strike 0-2: Ball 1-2: SINGLE (Groundball, 5D, EV 108.1 MPH)
|
|
Batting: RHB Pat Martin
|
0-0: Ball 1-0: Ball Wild Pitch! Bobby Scott to second 2-0: Ball 3-0: Called Strike 3-1: SINGLE (Groundball, 6M, EV 100.0 MPH) (infield hit) Bobby Scott to third
|
|
Batting: SHB Tim Rogers
|
0-0: Ball Pat Martin steals 2nd base 1-0: Intentional Walk
|
|
Batting: RHB Robert Topete
|
0-0: Called Strike 0-1: Ball 1-1: Foul Ball, location: 2F 1-2: GRAND SLAM HOME RUN (Flyball, 7LD, EV 95.0 MPH), Distance : 344 ft
|
|
Pitching: RHP Efrain Diaz
|
|
|
Batting: RHB Jerry Foster
|
0-0: Called Strike 0-1: Ball 1-1: Ball 2-1: Fly out, F7 (Flyball, 7S, EV 79.4 MPH)
|
|
Batting: LHB Alex Rivera
|
0-0: Called Strike 0-1: Foul Ball, location: 2F 0-2: Ball 1-2: Hit by Pitch
|
|
Batting: RHB Ryan Salas
|
0-0: Ball 1-0: Ball 2-0: Ball 3-0: Called Strike 3-1: Base on Balls Alex Rivera to second
|
|
Batting: RHB Josh Shoemaker
|
0-0: Ball 1-0: Ball 2-0: Ball 3-0: Base on Balls Alex Rivera to third Ryan Salas to second
|
|
Batting: RHB Evan Fry
|
0-0: Called Strike 0-1: Ground out 3-1 (Groundball, 34, EV 104.4 MPH)
|
| Bottom of the 6th over - 4 runs, 3 hits, 0 errors, 3 left on base; Detroit (APP) 4 - Texas (APP) 8 |
| TOP OF THE 7TH |
|
Detroit (APP) Tigers batting - Pitching for Texas (APP) Rangers : RHP Marty Nelson
|
|
Now at 1B: Bobby Scott
|
|
|
Batting: RHB George Sonier
|
0-0: SINGLE (Flyball, 8LS, EV 91.2 MPH)
|
|
Batting: RHB Tony Murray
|
0-0: Grounds into double play, 6-4-3 (Groundball, 6, EV 76.9 MPH)
|
|
Batting: RHB Yasutaka Yamasaki
|
0-0: SINGLE (Groundball, 6, EV 95.6 MPH)
|
|
Batting: LHB Simon Barry
|
0-0: SINGLE (Line Drive, 9S, EV 105.0 MPH) Yasutaka Yamasaki to second
|
|
Pitching: RHP Tamirat Abboud
|
|
|
Batting: SHB Salvador Lacosta
|
0-0: Ball Wild Pitch! Yasutaka Yamasaki to third Simon Barry to second 1-0: Foul Ball, location: 2F 1-1: Called Strike 1-2: Ball 2-2: Strikes out swinging
|
| Top of the 7th over - 0 runs, 3 hits, 0 errors, 2 left on base; Detroit (APP) 4 - Texas (APP) 8 |
| BOTTOM OF THE 7TH |
|
Texas (APP) Rangers batting - Pitching for Detroit (APP) Tigers : RHP Efrain Diaz
|
|
Batting: LHB Bobby Scott
|
0-0: Called Strike 0-1: DOUBLE (Line Drive, 7LS, EV 98.1 MPH)
|
|
Batting: RHB Pat Martin
|
0-0: SINGLE (Groundball, 5S, EV 74.4 MPH) (infield hit) Bobby Scott to third
|
|
Batting: SHB Tim Rogers
|
0-0: Called Strike 0-1: Called Strike 0-2: Ball 1-2: Ball 2-2: Foul Ball, location: 2F 2-2: Foul Ball, location: 2F 2-2: Foul Ball, location: 2F 2-2: Foul Ball, location: 2F 2-2: Foul Ball, location: 2F 2-2: Fielders Choice at 2nd, 4-6 (Groundball, 4, EV 84.4 MPH) Bobby Scott scores
|
|
Pitching: LHP Greg Bradley
|
|
|
Batting: RHB Robert Topete
|
0-0: Called Strike 0-1: Called Strike 0-2: Foul Ball, location: 2F 0-2: Strikes out swinging
|
|
Batting: RHB Jerry Foster
|
0-0: Called Strike 0-1: Called Strike 0-2: SINGLE (Groundball, 6D, EV 101.9 MPH) Tim Rogers to second
|
|
Batting: LHB Alex Rivera
|
0-0: Swinging Strike 0-1: Swinging Strike 0-2: Ball 1-2: Ball 2-2: Strikes out looking
|
| Bottom of the 7th over - 1 run, 3 hits, 0 errors, 2 left on base; Detroit (APP) 4 - Texas (APP) 9 |
| TOP OF THE 8TH |
|
Detroit (APP) Tigers batting - Pitching for Texas (APP) Rangers : RHP Tamirat Abboud
|
|
Batting: RHB Peter Jones
|
0-0: Called Strike 0-1: Foul Ball, location: 2F 0-2: Ball 1-2: Ball 2-2: Foul Ball, location: 2F 2-2: Strikes out swinging
|
|
Batting: RHB Victor Acuna
|
0-0: Ground out 1-3 (Groundball, P, EV 71.9 MPH)
|
|
Batting: RHB Cody Kafer
|
0-0: Ball 1-0: Ground out 4-3 (Groundball, 4MD, EV 105.0 MPH)
|
| Top of the 8th over - 0 runs, 0 hits, 0 errors, 0 left on base; Detroit (APP) 4 - Texas (APP) 9 |
| BOTTOM OF THE 8TH |
|
Texas (APP) Rangers batting - Pitching for Detroit (APP) Tigers : LHP Greg Bradley
|
|
Batting: RHB Ryan Salas
|
0-0: Ball 1-0: Foul Ball, location: 2F 1-1: Ball 2-1: Ball 3-1: Base on Balls
|
|
Batting: RHB Josh Shoemaker
|
0-0: Swinging Strike 0-1: Foul Ball, location: 2F 0-2: Foul Ball, location: 2F 0-2: Ball 1-2: Strikes out looking
|
|
Batting: RHB Evan Fry
|
0-0: 2-RUN HOME RUN (Flyball, 7LD, EV 93.1 MPH), Distance : 352 ft
|
|
Batting: LHB Bobby Scott
|
0-0: Ball 1-0: Ball 2-0: Swinging Strike 2-1: Ball 3-1: Called Strike 3-2: Ground out 6-3 (Groundball, 6, EV 81.2 MPH)
|
|
Batting: RHB Pat Martin
|
0-0: Called Strike 0-1: Ball 1-1: Foul Ball, location: 2F 1-2: Strikes out looking
|
| Bottom of the 8th over - 2 runs, 1 hit, 0 errors, 0 left on base; Detroit (APP) 4 - Texas (APP) 11 |
| TOP OF THE 9TH |
|
Detroit (APP) Tigers batting - Pitching for Texas (APP) Rangers : RHP Tamirat Abboud
|
|
Batting: RHB John Barton
|
0-0: Ball 1-0: Foul Ball, location: 2F 1-1: Foul Ball, location: 2F 1-2: Foul Ball, location: 2F 1-2: Ball 2-2: Strikes out swinging
|
|
Batting: RHB George Sonier
|
0-0: Ball 1-0: Ground out 5-3 (Groundball, 56, EV 84.4 MPH)
|
|
Pinch Hitting: RHB Rick Brinkmann
|
0-0: Ball 1-0: Foul Ball, location: 2F 1-1: Foul Ball, location: 2F 1-2: Ball 2-2: Ball 3-2: Foul Ball, location: 2F 3-2: Strikes out swinging
|
| Top of the 9th over - 0 runs, 0 hits, 0 errors, 0 left on base; Detroit (APP) 4 - Texas (APP) 11 |
|